 Dungeon Crawl Stone Soup version 0.23.2-1-ga50397a (webtiles) character file.

Game seed: 10558063571583799058

3175 Fang the Fighter (level 9, 0/88 HPs)
             Began as a Gargoyle Berserker on May 10, 2019.
             Was a Priest of Trog.
             Slain by a vampire (5 damage)
             ... on level 11 of the Dungeon on May 13, 2019.
             The game lasted 00:09:05 (6034 turns).

Fang the Fighter (Gargoyle Berserker)               Turns: 6034, Time: 00:09:06

Health: 0/88       AC: 19    Str: 32    XL:     9   Next: 95%
Magic:  9/9        EV: 10    Int:  7    God:    Trog [***...]
Gold:   319        SH:  0    Dex:  9    Spells: 8/8 levels left

rFire    . . .     SeeInvis .   a - +2 war axe
rCold    . . .     Gourm    .   (no shield)
rNeg     + . .     Faith    .   b - +0 plate armour
rPois    ∞         Spirit   .   (no helmet)
rElec    +         Reflect  .   (no cloak)
rCorr    +         Harm     .   (no gloves)
MR       .....                  (no boots)
Stlth    ..........             (no amulet)
HPRegen  0.24/turn              B - ring of resist corrosion
MPRegen  0.11/turn              n - +2 ring of strength

@: berserking (expiring), very quick
A: negative energy resistance 1, electricity resistance, unbreathing,
petrification resistance, rot immunity, AC +6
a: Berserk, Trog's Hand, Renounce Religion


You were on level 11 of the Dungeon.
You worshipped Trog.
Trog was most pleased with you.
You were hungry.

You visited 2 branches of the dungeon, and saw 9 of its levels.

You collected 319 gold pieces.

Inventory:

Hand Weapons
 a - a +2 war axe (weapon)
Armour
 b - a +0 plate armour (worn)
Jewellery
 n - a +2 ring of strength (right hand)
 q - an uncursed ring of flight
 B - a ring of resist corrosion (left hand)
Wands
 u - a wand of flame (13)
 v - a wand of iceblast (16)
Scrolls
 d - 6 scrolls of identify {unknown}
 e - 3 scrolls of teleportation {unknown}
 f - a scroll of magic mapping {unknown}
 g - a scroll of enchant weapon {unknown}
 j - 2 scrolls of immolation {unknown}
 l - a scroll of noise {unknown}
 t - a scroll of blinking {unknown}
 w - a scroll of amnesia {unknown}
 x - 2 scrolls of remove curse {unknown}
 y - a scroll of random uselessness {unknown}
 C - a scroll of torment {unknown}
Potions
 h - 5 potions of curing {unknown}
 i - a potion of flight {unknown}
 k - a potion of cancellation {unknown}
 m - a potion of heal wounds
 o - a potion of invisibility {unknown}
 p - 3 potions of mutation {unknown}
 r - a potion of might {unknown}
 s - 3 potions of haste {unknown}
 A - a potion of magic {unknown}
Comestibles
 c - 10 rations
 z - 8 chunks of flesh


   Skills:
 + Level 8.1 Fighting
 + Level 6.8 Axes
 + Level 7.7 Armour
 + Level 5.8 Dodging


You had 8 spell levels left.
You didn't know any spells.
Your spell library was empty.

Dungeon Overview and Level Annotations

Branches:
Dungeon (9/15)             Temple (1/1) D:4
   Lair: D:8-11         Orc: D:9-12

Altars:
Kikubaaqudgha
Makhleb
Okawaru
Vehumet

Shops:
D:6 *

Annotations:
D:4 2 transporters, empathe's ghost, amateur MiBe
D:6 2 transporters, bullsaxe's ghost, novice HuMo


Innate Abilities, Weirdness & Mutations

You are resistant to torment.
Your stone body is resilient. (AC +6)
You are immune to poison.
You resist negative energy. (rN+)
You are resistant to electric shocks. (rElec)
You can survive without breathing.
You are immune to petrification.
You are immune to rotting.


Message History

You kill the orc warrior!
Trog accepts your kill.
You hit the hound. You slice something!! The hound completely misses you.
Something hits you.
* * * LOW HITPOINT WARNING * * *
Something bites you.
* * * LOW HITPOINT WARNING * * *
You hit something but do no damage.
Your plate armour prevents you from hitting the hound.
The hound bites you but does no damage. Something hits you.
* * * LOW HITPOINT WARNING * * *
Something bites you but does no damage.
You closely miss something. You closely miss the hound.
The hound bites you but does no damage. x2; Unholy energy fills the air.
* * * LOW HITPOINT WARNING * * *
You closely miss something. You closely miss the hound. The hound bites you.
* * * LOW HITPOINT WARNING * * *
Your plate armour prevents you from hitting something.
You hit the hound. Something hits you.
You die...

........####
.....#....#
#...#.....#
###...)).#
#..#.)(.(#
###...#))#+#
#..#.(..##...
#...#........#
#.#.{@........#
#...#)h........#
...
.......####.# .
....#...#.. #
......#...#....
......#####....
..... ### .....


You could see a hound.

Vanquished Creatures
  A two-headed ogre (D:9)
  Eustachio (D:4)
  A basilisk (D:9)
  A vampire (D:9)
  5 orc warriors
  A sky beast (D:5)
  An ogre (D:6)
  5 centaurs (D:11)
  A scorpion (D:5)
  3 wights (D:6)
  3 howler monkeys
  A crimson imp (D:6)
  A quasit (D:6)
  A hound (D:5)
  5 orc priests
  A jelly (D:5)
  2 orc wizards
  An iguana (D:6)
  Terence (D:2)
  Natasha (D:2)
  4 worker ants
  2 hound skeletons
  7 adders
  6 gnolls (D:4)
  2 river rats (D:6)
  A shadow imp (D:6)
  2 oozes
  3 worms
  3 dart slugs
  5 leopard geckos
  23 orcs
  3 ball pythons
  11 bats
  4 giant cockroaches
  4 goblins
  6 hobgoblins
  8 jackals
  4 quokkas
  3 frilled lizards
  A jackal skeleton (D:4)
  7 kobolds
  A quokka skeleton (D:4)
  7 rats
154 creatures vanquished.

Notes
Turn   | Place    | Note
-------+----------+-------------------------------------------
     0 | D:1      | Fang the Gargoyle Berserker began the quest for the Orb.
     0 | D:1      | Reached XP level 1. HP: 14/14 MP: 1/1
   141 | D:1      | Reached XP level 2. HP: 10/19 MP: 2/2
   665 | D:1      | Reached XP level 3. HP: 23/23 MP: 3/3
   944 | D:2      | Reached ** piety under Trog
   996 | D:2      | Noticed Natasha
  1003 | D:2      | Killed Natasha
  1003 | D:2      | Reached XP level 4. HP: 29/29 MP: 4/4
  1069 | D:2      | Noticed Terence
  1084 | D:2      | Killed Terence
  1084 | D:2      | Reached skill level 4 in Fighting
  1162 | D:2      | Found an iron altar of Okawaru.
  1484 | D:3      | Reached XP level 5. HP: 27/33 MP: 5/5
  2304 | D:3      | Found an ancient bone altar of Kikubaaqudgha.
  2387 | D:4      | Reached XP level 6. HP: 39/39 MP: 6/6
  2601 | D:4      | Found a radiant altar of Vehumet.
  2631 | D:4      | Found a staircase to the Ecumenical Temple.
  2649 | D:4      | Found a burning altar of Makhleb.
  2664 | Temple   | Entered the Ecumenical Temple
  2769 | D:4      | Noticed Eustachio
  2819 | D:4      | Killed Eustachio
  2819 | D:4      | Reached skill level 5 in Fighting
  2819 | D:4      | Reached XP level 7. HP: 20/44 MP: 7/7
  3113 | D:4      | Noticed empathe's ghost (amateur MiBe)
  3116 | D:4      | Found a transporter.
  3133 | D:4      | Found a transporter.
  3408 | D:5      | Entered Level 5 of the Dungeon
  4078 | D:5      | Reached skill level 5 in Armour
  4597 | D:6      | Reached XP level 8. HP: 25/51 MP: 8/8
  4660 | D:6      | Reached skill level 6 in Fighting
  4660 | D:6      | Reached skill level 5 in Axes
  4825 | D:6      | Found a transporter.
  4829 | D:6      | Noticed bullsaxe's ghost (novice HuMo)
  4928 | D:6      | Found a transporter.
  5086 | D:6      | Reached *** piety under Trog
  5444 | D:6      | Found Veaci's Assorted Antiques.
  5557 | D:6      | You fall through a shaft for 3 floors!
  5584 | D:9      | Reached XP level 9. HP: 51/56 MP: 9/9
  5591 | D:9      | Noticed a two-headed ogre
  5599 | D:9      | Killed a two-headed ogre
  5599 | D:9      | Reached skill level 7 in Fighting
  5599 | D:9      | Reached skill level 5 in Dodging
  5972 | D:9      | You fall through a shaft for 2 floors!
  5981 | D:11     | Reached skill level 8 in Fighting
  6033 | D:11     | HP: 4/88 [hound (1)]
  6034 | D:11     | Slain by a vampire

Skill      XL: |  1  2  3  4  5  6  7  8  9 |
---------------+----------------------------+-----
Axes           | 3 4 5 6 |  6.8
Dodging        | 2 3 4 5 |  5.8
Armour         | 3 4 5 6 7 |  7.7
Fighting       | 4 5 6 8 |  8.1

Action                   |  1- 3 |  4- 6 |  7- 9 || total
-------------------------+-------+-------+-------++-------
Melee: Hand axe          |    80 |   229 |   117 ||   426
       War axe           |       |       |   185 ||   185
Invok: Berserk           |     1 |     1 |     4 ||     6
       Trog's Hand       |       |     1 |       ||     1
 Stab: Sleeping          |     1 |       |       ||     1
  Eat: Chunk             |       |     7 |    12 ||    19
       Ration            |       |       |     1 ||     1
Armor: Animal skin       |    30 |     3 |       ||    33
       Chain mail        |       |   166 |   119 ||   285
       Plate armour      |       |       |   136 ||   136
Dodge: Dodged            |    60 |   147 |   191 ||   398
